 Dungeon Crawl Stone Soup version 0.30-a0-748-ge6a52f7cba (webtiles) character file.

Game seed: 6681721279799897457

355 funkygono the Firebug (level 6, -11/32 HPs)
             Began as a Gargoyle Fire Elementalist on Feb 8, 2023.
             Mangled by an ogre
             ... wielding a +0 giant club
              (29 damage)
             ... on level 4 of the Dungeon.
             The game lasted 00:05:28 (4277 turns).

funkygono the Firebug (Gargoyle Fire Elementalist)  Turns: 4277, Time: 00:05:29

Health: -11/32     AC:  6    Str: 11    XL:     6   Next: 63%
Magic:  4/11       EV: 12    Int: 18    God:
Gold:   183        SH:  0    Dex: 10    Spells: 2/12 levels left

rFire   . . .      SeeInvis .    o - +0 whip
rCold   . . .      Faith    .    (no shield)
rNeg    + . .      Spirit   .    a - +0 robe
rPois   ∞          Reflect  .    (no helmet)
rElec   +          Harm     .    (no cloak)
rCorr   .          Rampage  .    (no gloves)
Will    .....                    (no boots)
Stlth   ++                       (no amulet)
HPRegen 0.25/turn                c - +4 ring of slaying
MPRegen 0.12/turn                (no ring)

@: no status effects
A: sickness immunity, AC +4, negative energy resistance 1, electricity
resistance, torment resistance 1, petrification resistance
a: no special abilities


You were on level 4 of the Dungeon.
You visited 2 branches of the dungeon, and saw 6 of its levels.

You collected 183 gold pieces.

Inventory:

Hand Weapons
 m - a +0 morningstar
 o - a +0 whip (weapon)
Armour
 a - a +0 robe (worn)
Jewellery
 c - a +4 ring of slaying (left hand)
 j - an amulet of faith
Wands
 u - a wand of flame (31)
Scrolls
 d - 3 scrolls of teleportation {unknown}
 f - a scroll of fear {unknown}
 k - 2 scrolls of torment {unknown}
 l - a scroll of poison {unknown}
 n - 2 scrolls of brand weapon {unknown}
 p - 2 scrolls of immolation {unknown}
 q - a scroll of vulnerability {unknown}
 s - 3 scrolls of identify {unknown}
 t - 2 scrolls of enchant armour {unknown}
 v - a scroll of blinking {unknown}
Potions
 b - 2 potions of magic
 e - a potion of resistance {unknown}
 g - 2 potions of curing {unknown}
 h - 4 potions of flight {unknown}
 i - a potion of haste {unknown}
 r - a potion of heal wounds {unknown}


   Skills:
 + Level 0.1 Fighting
 + Level 1.3 Maces & Flails
 + Level 2.0 Dodging
 - Level 2.1 Stealth
 + Level 3.8 Spellcasting
 + Level 3.5 Conjurations
 + Level 4.7 Fire Magic


You had 2 spell levels left.
You knew the following spells:

 Your Spells              Type           Power      Damage    Failure   Level
a - Foxfire               Conj/Fire      72%        2x1d7     2%          1
b - Scorch                Fire           40%        2d7       3%          2
c - Kindle Blastsparks    Fire/Tloc/Air  18%        2d11      24%         3
d - Flame Wave            Conj/Fire      18%        2d7       26%         4

Your spell library contained the following spells:

 Spells                   Type           Power      Damage    Failure   Level
 Apportation              Tloc           6%         N/A       16%         1
 Necrotise                Necr           12%        1d4       16%         1
 Slow                     Hex            12%        N/A       16%         1
 Summon Small Mammal      Summ           12%        N/A       16%         1
 Inner Flame              Hex/Fire       11%        N/A       17%         3
 Confusing Touch          Hex            3%         N/A       41%         3
 Vampiric Draining        Necr           3%         2d6       41%         3


Dungeon Overview and Level Annotations

Branches:
Dungeon (5/15)             Temple (1/1) D:4

Altars:
Ashenzari
Dithmenos
Fedhas
Gozag
Makhleb
Nemelex Xobeh
Okawaru
Qazlal
Sif Muna
Trog
Uskayaw
Wu Jian
Yredelemnul
Zin
The Shining One


Innate Abilities, Weirdness & Mutations

You are immune to sickness and miasma.
Your stone body is resilient. (AC +4)
You are immune to poison.
You resist negative energy. (rN+)
You are resistant to electric shocks. (rElec)
You are resistant to unholy torment.
You are immune to petrification.


Message History

The foxfire hits the scorpion but does no damage.
The scorpion is moderately wounded.
The foxfire hits the scorpion but does no damage.
The scorpion is moderately wounded.
The foxfire hits the scorpion.
The scorpion is heavily wounded.
Casting: Foxfire (safe; 2% risk of failure)
Confirm with . or Enter, or press ? or * to list all spells.
You conjure some foxfire!
The foxfire hits the scorpion.
The scorpion is heavily wounded.
The foxfire hits the ogre.
The ogre is lightly wounded.
The scorpion stings you.
The foxfire hits the ogre.
The ogre is moderately wounded.
The foxfire hits the ogre.
The ogre is moderately wounded.
The scorpion barely misses you. The scorpion stings you.
You climb upwards.
There is a stone staircase leading down here.
Casting: Foxfire (safe; 2% risk of failure)
Confirm with . or Enter, or press ? or * to list all spells.
You conjure some foxfire!
The scorpion barely misses you. The ogre hits you with a +0 giant club.
Casting: Foxfire (safe; 2% risk of failure)
Confirm with . or Enter, or press ? or * to list all spells.
Flames lash the scorpion.
The scorpion is almost dead.
The scorpion's fire resistance burns away.
The foxfire hits the ogre.
The ogre is heavily wounded.
The foxfire hits the ogre.
The ogre is heavily wounded.
The scorpion completely misses you.
Unknown command.
Casting: Scorch (safe; 3% risk of failure)
Confirm with . or Enter, or press ? or * to list all spells.
You conjure some foxfire!
The scorpion barely misses you.
The ogre hits you with a +0 giant club!!
Ouch! That really hurt!
You die...

###### #######
##########@s..# #.....#
#........vvO#.# #.....###
#.#######...#.# #........
#.# #...#.# ###...... #.#
##..#.#######......
#.########.................
#...........####...........
##########....##......#####
#####..#.##......#####


You could see an ogre (ally target) and a scorpion (combustible, ally target).

Vanquished Creatures
  2 necrophages (D:4)
  2 orc wizards
  Robin (D:3)
  7 adders
  2 worms (D:3)
  2 dart slugs
  7 orcs
  12 endoplasms
  A giant cockroach (D:4)
  20 goblins
  7 hobgoblins
  5 jackals
  7 kobolds
  2 quokkas
  5 ball pythons
  4 bats
  2 frilled lizards
  5 rats
93 creatures vanquished.

Vanquished Creatures (collateral kills)
  3 foxfires (D:3)
3 creatures vanquished.

Vanquished Creatures (others)
  299 foxfires
299 creatures vanquished.

Grand Total: 395 creatures vanquished

Notes
Turn   | Place    | Note
-------+----------+-------------------------------------------
     0 | D:1      | funkygono the Gargoyle Fire Elementalist began the quest
                  | for the Orb.
     0 | D:1      | Reached XP level 1. HP: 10/10 MP: 3/3
   135 | D:1      | Reached XP level 2. HP: 15/15 MP: 0/5
   138 | D:1      | Learned a level 2 spell: Scorch
   612 | D:1      | Reached XP level 3. HP: 19/19 MP: 0/6
   616 | D:1      | Learned a level 3 spell: Kindle Blastsparks
  1491 | D:3      | Reached XP level 4. HP: 13/24 MP: 0/8
  1645 | D:3      | Reached skill level 4 in Fire Magic
  1839 | D:3      | Reached XP level 5. HP: 28/28 MP: 5/9
  1840 | D:3      | Reached skill level 1 in Maces & Flails
  1967 | D:3      | Found an ornate altar of the Wu Jian Council.
  1983 | D:3      | Found an opulent altar of Gozag.
  2180 | D:3      | Found a faded altar of an unknown god.
  2415 | D:3      | Noticed Robin
  2452 | D:3      | Killed Robin
  2832 | D:3      | Learned a level 4 spell: Flame Wave
  2850 | D:4      | Found a staircase to the Ecumenical Temple.
  2881 | Temple   | Entered the Ecumenical Temple
  3430 | D:4      | Found an iron altar of Okawaru.
  3459 | D:4      | Reached XP level 6. HP: 32/32 MP: 3/11
  4268 | D:5      | Entered Level 5 of the Dungeon
  4277 | D:4      | Mangled by an ogre

Illustrated notes

Levels and vault maps discovered:
D:1:      erik_arrival_triangle_large, layout_rooms
D:2:      layout_rooms
D:3:      kennysheep_goblin_castle, layout_rooms, mainiacjoe_overflow_chevrons,
          nicolae_gozag_seed_capital, nicolae_ecumenical_snake_handling,
          small_statue_intersection, minivault_4
D:4:      layout_basic, lemuel_tele_altar, minmay_temple_entry_statues_pillars
D:5:      layout_loops_ring, serial_shops, nicolae_shop_advertising_works
          [nicolae_subvault_shop_adworks], reono_crystal_passage,
          columned_hall_lemuel, amethyst_killhole, minmay_misc_feat_columns,
          serial_bayou_pond_e
Temple:   minmay_temple_forest_path

Skill      XL: |  1  2  3  4  5  6 |
---------------+-------------------+-----
Spellcasting   | 3 |  3.8
Conjurations   | 2 3 |  3.5
Fire Magic     | 4 |  4.7
Maces & Flails | 1 |  1.3
Dodging        | 2 |  2.0
Fighting       | |  0.1
Stealth        | |  2.1

Action                     |  1- 3 |  4- 6 || total
---------------------------+-------+-------++-------
  Melee: Unarmed           |     3 |       ||     3
         Club              |     3 |     4 ||     7
         Whip              |       |    15 ||    15
   Cast: Foxfire           |    64 |   106 ||   170
         Scorch            |       |    11 ||    11
 Armour: Robe              |    12 |    15 ||    27
  Dodge: Dodged            |    13 |    30 ||    43

Table legend: (Time is in decaauts)
 A = Elapsed time spent in this place.
 B = Non-inter-level travel time spent in this place.
 C = Inter-level travel time spent in this place.
 D = Time resting spent in this place.
 E = Time spent auto-exploring this place.
 F = Levels seen in this place.
 G = Mean time per level.
                   A        B        C        D        E       F      G
               +--------+--------+--------+--------+--------+-----+--------+
         Total |   4278 |   4167 |    111 |    282 |   3227 |   6 |  713.0 |
       Dungeon |   3838 |   3769 |     69 |    282 |   2841 |   5 |  767.6 |
        Temple |    439 |    397 |     42 |      0 |    386 |   1 |  439.0 |
               +--------+--------+--------+--------+--------+-----+--------+

Top non-repeatable levels by time:
     D:3: 1460 daAuts
     D:4: 993 daAuts
     D:1: 797 daAuts
     D:2: 583 daAuts
  Temple: 439 daAuts
     D:5: 5 daAuts
